 Dungeon Crawl Stone Soup version 0.17-a0-1632-g0af21bd (webtiles) character file.

106 Oddball22 the Digger (level 4, -1/24 HPs)
             Began as a Gargoyle Earth Elementalist on Aug 3, 2015.
             Slain by a giant gecko (2 damage)
             ... on level 2 of the Dungeon.
             The game lasted 00:05:48 (1986 turns).

Oddball22 the Digger (Gargoyle Earth Elementalist)  Turns: 1986, Time: 00:05:48

Health: -1/24      AC:  8    Str: 17    XL:     4   Next: 84%
Magic:  2/8        EV: 12    Int: 16    God:
Gold:   125        SH:  0    Dex: 10    Spells: 3 memorised, 2 levels left

rFire  + . .     SeeInvis .     k - +0 whip (elec)
rCold  + + .     Clarity  .     b - +0 robe
rNeg   + . .     SustAt   .     (no shield)
rPois  ∞         Gourm    .     (no helmet)
rElec  +         Spirit   .     (no cloak)
rCorr  +         Warding  .     (no gloves)
rMut   .         Stasis   .     (no boots)
MR     .....                    (no amulet)
Stlth  ++........               (no ring)
                                g - ring of protection from cold

@: mighty, stone skin, resistant, slowed, very slow, not resistant to hostile
enchantments, unstealthy
A: negative energy resistance 1, electricity resistance, unbreathing,
petrification resistance, rot immunity, AC +3
a: no special abilities


You were on level 2 of the Dungeon.
You were hungry.

You visited 1 branch of the dungeon, and saw 3 of its levels.

You collected 125 gold pieces.

Inventory:

Hand weapons
 k - a +0 whip of electrocution (weapon)
Missiles
 a - 72 stones (quivered)
Armour
 b - a +0 robe (worn)
Jewellery
 g - a ring of protection from cold (left hand)
Scrolls
 f - a scroll of blinking {unknown}
 i - a scroll of enchant weapon {unknown}
 j - 2 scrolls of fear {unknown}
 l - a scroll of fog {unknown}
 o - a scroll of amnesia {unknown}
 p - a scroll of remove curse {unknown}
 r - a scroll of identify {unknown}
Books
 c - a book of Geomancy

   Spells                             Type                      Level
   a - Sandblast                      Earth                        1
   b - Stoneskin                      Transmutation/Earth          2
   c - Passwall                       Transmutation/Earth          3
   d - Stone Arrow                    Conjuration/Earth            3
   e - Petrify                        Transmutation/Earth          4
   f - Lee's Rapid Deconstruction     Earth                        5
Comestibles
 d - a bread ration
 h - a meat ration


   Skills:
 - Level 1.5 Dodging
 - Level 2.1 Stealth
 + Level 2.7 Spellcasting
 + Level 1.2 Transmutations
 * Level 5.7 Earth Magic


You had 2 spell levels left.
You knew the following spells:

 Your Spells              Type           Power        Failure   Level  Hunger
a - Sandblast             Erth           ###...       1%          1    #......
b - Stoneskin             Trmt/Erth      ##......     10%         2    ##.....
c - Passwall              Trmt/Erth      ##........   14%         3    ###....


Dungeon Overview and Level Annotations

Branches:
Dungeon (3/15)

Altars:


Innate Abilities, Weirdness & Mutations

You are resistant to torment.
Your stone body is resilient (AC +3).
You are immune to poison.
You resist negative energy.
You are resistant to electric shocks.
You can survive without breathing.
You are immune to petrification.
You are immune to rotting.


Message History

Unknown command.
Casting: Stoneskin
Confirm with . or Enter, or press ? or * to list all spells.
Aiming: Sandblast
Press: ? - help, Shift-Dir - straight line, f - Natasha
Aim: Natasha (moderately wounded)
The blast of sand hits Natasha.
Natasha is almost dead.
Natasha misses you.
Casting: Sandblast
Confirm with . or Enter, or press ? or * to list all spells.
Aiming: Sandblast
Press: ? - help, Shift-Dir - straight line, f/p - Natasha
Aim: Natasha (almost dead)
The blast of sand hits Natasha.
You kill Natasha!
Natasha growls in agony!
All of the chunks of flesh in your inventory have rotted away.
The giant gecko bites you.
You die...

#..#####.###.#....
###.......#.#....##.
######.....###.##.##.###.
#########.......###..............
#...............# #.##.#####.###.
..#######.#####.###.##.# ##.###.
#.#######.## ##...###.# ##...##.
#..........# #.#.# #.###.......
#.#######..# #@#.# #...........
#.# #......## #l#.# #####.......
#.# #.####..# #†#.### ##...#..
#.# #.# ##.# #>....# ##.##..
#.###.## #.####.....### ####..
#.##...####.##.........# #..
#......................########..
####...####..#.#.................
##.## ##....#..###.##########.


You could see a giant gecko.

Vanquished Creatures
  Natasha (D:2)
  4 adders
  An ooze (D:2)
  2 giant geckos
  3 giant cockroaches
  3 goblins
  6 hobgoblins
  3 jackals (D:2)
  4 kobolds
  5 bats
  3 giant newts (D:2)
  7 rats
42 creatures vanquished.

Notes
Turn   | Place    | Note
--------------------------------------------------------------
     0 | D:1      | Oddball22 the Gargoyle Earth Elementalist began the quest for the Orb.
     0 | D:1      | Reached XP level 1. HP: 10/10 MP: 3/3
   148 | D:1      | Reached skill level 4 in Earth Magic
   219 | D:1      | Reached XP level 2. HP: 15/15 MP: 1/5
   795 | D:1      | Reached XP level 3. HP: 19/19 MP: 4/6
   912 | D:1      | Reached skill level 5 in Earth Magic
  1264 | D:2      | Reached XP level 4. HP: 24/24 MP: 3/7
  1329 | D:2      | Learned a level 2 spell: Stoneskin
  1333 | D:2      | Learned a level 3 spell: Passwall
  1750 | D:2      | Reached skill level 1 in Transmutations
  1965 | D:3      | Noticed Natasha
  1983 | D:2      | HP: 1/24 [Natasha (1)]
  1985 | D:2      | Killed Natasha
  1986 | D:2      | Slain by a giant gecko

Vault maps used:
D:1:      lightli_arrival_windingriver, hangedman_decor_push,
          minmay_misc_feat_square
D:3:      minivault_11, nrook_mini_backslash, uniq_natasha, uniq_robin

Action                   |  1- 3 |  4- 6 || total
-------------------------+-------+-------++-------
Melee: Unarmed           |    28 |       ||    28
       Spear             |    15 |       ||    15
       Whip              |    22 |    40 ||    62
 Cast: Sandblast         |    54 |    13 ||    67
       Stoneskin         |       |     2 ||     2
  Use: Potion            |     1 |     3 ||     4
 Stab: Sleeping          |       |     1 ||     1
  Eat: Chunk             |     2 |     2 ||     4
